 Dungeon Crawl Stone Soup version 0.29-a0-1023-g6ae1a4a2c7 (webtiles) character file.

Game seed: 4824420346691171433

8514 frimble the Slicer (level 11, -4/80 (81) HPs)
             Began as a Demonspawn Earth Elementalist on Aug 12, 2022.
             Was an Elder of Cheibriados.
             Slain by a cyclops (23 damage)
             ... on level 10 of the Dungeon.
             The game lasted 00:17:26 (10283 turns).

frimble the Slicer (Demonspawn Earth Elementalist) Turns: 10283, Time: 00:17:27

HP:   -4/80 (81)    AC:  8    Str: 20    XL:     11   Next: 10%
MP:   0/15          EV: 19    Int: 35    God:    Cheibriados [****..]
Gold: 627           SH:  0    Dex: 30    Spells: 13/16 levels left

rFire   . . .      SeeInvis .   w - +11 short sword "Peurphuirr" {vorpal, rC+}
rCold   + . .      Faith    .   (no shield)
rNeg    . . .      Spirit   +   l - +3 leather armour "Pucan" {Str+3 Int+6}
rPois   .          Reflect  .   (no helmet)
rElec   .          Harm     .   (no cloak)
rCorr   .          Rampage  .   (no gloves)
Will    .....                   (no boots)
Stlth   ++++......              m - amulet of regeneration
HPRegen 2.03/turn               k - +6 ring of dexterity
MPRegen 0.28/turn               y - +4 ring of evasion

@: lightly drained, very slow
A: slimy green scales 1, powered by death 1, magic shield, magic regeneration
a: Renounce Religion, Bend Time, Temporal Distortion, Slouch


You were on level 10 of the Dungeon.
You worshipped Cheibriados.
Cheibriados was greatly pleased with you.
You visited 2 branches of the dungeon, and saw 11 of its levels.
You also visited: Sewer.

You collected 627 gold pieces.

Inventory:

Hand Weapons
 w - the +11 short sword "Peurphuirr" (weapon) {vorpal, rC+}
   (You found it on level 6 of the Dungeon)

   It inflicts extra damage upon your enemies.
   rC:        It protects you from cold.
Missiles
 D - a throwing net
Armour
 l - the +3 leather armour "Pucan" (worn) {Str+3 Int+6}
   (You found it on level 4 of the Dungeon)

   Str:       It affects your strength (+3).
   Int:       It affects your intelligence (+6).
Jewellery
 c - a ring of resist corrosion
 k - a +6 ring of dexterity (left hand)
 m - an amulet of regeneration (around neck)
 p - a ring of willpower
 t - a ring of protection from cold
 y - a +4 ring of evasion (right hand)
 C - a +6 ring of dexterity
Wands
 h - a wand of flame (37)
 q - a wand of mindburst (6)
 E - a wand of acid (6)
 G - a wand of charming (1)
Scrolls
 a - 2 scrolls of identify
 e - a scroll of immolation
 g - 2 scrolls of teleportation
 j - 3 scrolls of fog
 o - a scroll of enchant weapon
 s - 4 scrolls of magic mapping
 v - a scroll of enchant armour
 A - a scroll of brand weapon
 B - a scroll of fear
Potions
 b - 6 potions of curing
 d - a potion of ambrosia
 f - 11 potions of degeneration
 i - 4 potions of flight
 n - 2 potions of heal wounds
 r - 2 potions of brilliance
 u - 2 potions of haste
 z - a potion of resistance
 H - a potion of lignification {unknown}
Miscellaneous
 F - a tin of tremorstones (2/2)


   Skills:
 - Level 6.2 Fighting
 + Level 8.1(8.6) Short Blades
 - Level 4.0(6.6) Long Blades
 - Level 3.0 Armour
 + Level 3.8 Dodging
 - Level 7.0 Stealth
 - Level 3.0 Spellcasting
 - Level 4.0 Transmutations
 - Level 6.3 Earth Magic
 + Level 4.3 Evocations


You had 13 spell levels left.
You knew the following spells:

 Your Spells              Type           Power      Damage    Failure   Level
a - Sandblast             Erth           98%        2d20      1%          1
b - Passwall              Tmut/Erth      34%        N/A       1%          2

Your spell library contained the following spells:

 Spells                   Type           Power      Damage    Failure   Level
 Sting                    Tmut/Pois      76%        1d6       2%          1
 Stone Arrow              Conj/Erth      54%        3d10      4%          3
 Foxfire                  Conj/Fire      20%        2x1d5     6%          1
 Magic Dart               Conj           20%        1d4       6%          1
 Petrify                  Tmut/Erth      41%        N/A       7%          4
 Call Imp                 Summ           5%         N/A       9%          2
 Poisonous Vapours        Pois/Air       10%        N/A       9%          2
 Conjure Flame            Conj/Fire      5%         6-21      17%         3
 Gell's Gravitas          Tloc           5%         N/A       17%         3
 Inner Flame              Hex/Fire       5%         N/A       17%         3
 Lesser Beckoning         Tloc           5%         N/A       17%         3
 Mephitic Cloud           Conj/Pois/Air  5%         N/A       17%         3
 Teleport Other           Tloc           5%         N/A       17%         3
 Flame Wave               Conj/Fire      5%         2d5       50%         4
 Olgreb's Toxic Radiance  Pois           5%         N/A       50%         4
 Statue Form              Tmut/Erth      27%        N/A       73%         6
 Metabolic Englaciation   Hex/Ice        2%         N/A       85%         5


Dungeon Overview and Level Annotations

Branches:
Dungeon (10/15)            Temple (1/1) D:7             Orc (0/2) D:9
  Sewer (visited)
   Lair: D:8-11

Altars:
Ashenzari
Cheibriados
Dithmenos
Gozag
Hepliaklqana
Makhleb
Qazlal
Ru
Sif Muna
Trog
Uskayaw
Wu Jian
Xom
Yredelemnul

Annotations:
D:4 3 runed translucent doors, audacious124's ghost, amateur DsHW; nickcage's ghost, amateur MfGl
D:5 3 runed translucent doors, exclusion: ice beast, kd29's ghost, amateur DsTm
D:6 2 runed translucent doors, mathmaestro's ghost, novice DsNe
D:7 exclusions: howler monkey, hydra and 2 more exclusions


Innate Abilities, Weirdness & Mutations

You are partially covered in slimy green scales. (AC +2)
You regenerate a little health from kills.
When hurt, damage is shared between your health and your magic reserves.
You regenerate magic rapidly.


Message History

The orc warrior hits you with a +0 short sword.
The orc priest invokes the aid of Beogh against you.
Beogh smites you!
Okay, then.
Unknown command.
The orc warrior hits you with a +0 short sword!
Aiming: Corrosive Bolt
Press: ? - help, Shift-Dir - straight line, f - orc priest
Aim: an orc priest, wielding a +0 battleaxe and wearing a +0 leather armour (74% to hit)
The bolt of acid hits the orc warrior!
The acid corrodes the orc warrior!
The orc warrior is heavily wounded.
The bolt of acid hits the orc priest!!
The acid corrodes the orc priest!
You kill the orc priest!
Cheibriados thoroughly appreciates the change of pace.
The bolt of acid hits the cyclops!
The acid corrodes the cyclops!
The cyclops is moderately wounded.
The bolt of acid hits the orc priest!!
The acid corrodes the orc priest!
You kill the orc priest!
Cheibriados appreciates the change of pace.
The orc warrior closely misses you.
You hit the orc warrior.
The orc warrior is severely wounded.
The orc warrior hits you with a +0 short sword!
You puncture the orc warrior!
You kill the orc warrior!
Cheibriados thoroughly appreciates the change of pace.
You barely miss the orc. The orc misses you.
You hit the orc.
The orc is severely wounded.
You puncture the orc!
You kill the orc!
Cheibriados thoroughly appreciates the change of pace.
The cyclops hits you!!
* * * LOW HITPOINT WARNING * * *
Things that are here:
a +0 short sword; a +0 ring mail You puncture the cyclops!
The cyclops is severely wounded.
The cyclops hits you!!
You die...

# ######## ############
# #......# #..........#
# #......#
###..........# #
#......####.'..........#
+
#....).)C@..#..........#
#
#....>.######.....|....#
# .'......# #..........#
# ##......# #.......)..#
# #......# ###'########
#####'## #)# ##. #.# #..
#.# #.# ###'##########


You could see a cyclops (corroded).

Vanquished Creatures
  Nergalle (D:10)
  A kobold demonologist (D:7)
  A troll (D:8)
  2 hornets
  A shadow (D:7)
  9 yaks
  6 wyverns
  A steam dragon (D:8)
  An acid dragon (D:9)
  4 water moccasins
  6 orc warriors
  A swamp drake (D:9)
  An ice beast (D:6)
  2 sky beasts
  An ogre (D:9)
  2 centaurs
  2 bullfrogs
  5 kobold brigands
  2 necrophages
  2 scorpions
  A gnoll sergeant (D:9)
  19 wights
  2 howler monkeys
  2 gnoll boudas
  7 orc priests
  4 hounds (D:6)
  2 jellies
  2 iguanas (D:5)
  6 orc wizards
  15 gnolls
  2 river rats (D:6)
  3 adders
  2 white imps
  2 ufetubi
  4 worms
  2 dart slugs
  42 orcs
  3 bats
  8 endoplasms
  3 giant cockroaches
  5 goblins
  4 hobgoblins
  3 jackals (D:1)
  4 quokkas
  9 ball pythons
  2 frilled lizards (D:1)
  27 kobolds
  12 rats
248 creatures vanquished.

Notes
Turn   | Place    | Note
-------+----------+-------------------------------------------
     0 | D:1      | frimble the Demonspawn Earth Elementalist began the quest
                  | for the Orb.
     0 | D:1      | Reached XP level 1. HP: 13/13 MP: 3/3
    78 | D:1      | Reached skill level 1 in Transmutations
   229 | D:1      | Gained mutation: You regenerate magic rapidly. [demonic
                  | ancestry]
   229 | D:1      | Reached XP level 2. HP: 2/19 MP: 3/5
  1374 | D:1      | Gained mutation: You are partially covered in slimy green
                  | scales. (AC +2) [demonic ancestry]
  1374 | D:1      | Reached XP level 3. HP: 19/24 MP: 6/6
  1706 | D:2      | Reached XP level 4. HP: 14/31 MP: 3/7
  1965 | D:2      | Reached skill level 1 in Fighting
  2346 | D:2      | Found a faded altar of an unknown god.
  2905 | D:3      | Reached skill level 1 in Long Blades
  3342 | D:3      | Found an ornate altar of the Wu Jian Council.
  3342 | D:3      | Found a burning altar of Makhleb.
  3430 | D:3      | Reached XP level 5. HP: 37/37 MP: 7/9
  3640 | D:4      | Learned a level 2 spell: Passwall
  3789 | D:4      | Identified the +3 leather armour "Pucan" {Str+3 Int+6}
  3946 | D:4      | Found a runed translucent gate.
  3946 | D:4      | Found a runed translucent gate.
  3946 | D:4      | Found a runed translucent gate.
  3947 | D:4      | Noticed audacious124's ghost (amateur DsHW)
  3948 | D:4      | Noticed nickcage's ghost (amateur MfGl)
  4016 | D:4      | Found an opulent altar of Gozag.
  4307 | D:5      | Entered Level 5 of the Dungeon
  4313 | D:5      | Reached skill level 1 in Evocations
  4392 | D:5      | Reached XP level 6. HP: 30/44 MP: 10/10
  5148 | D:5      | Noticed kd29's ghost (amateur DsTm)
  5149 | D:5      | Found a runed translucent gate.
  5149 | D:5      | Found a runed translucent gate.
  5149 | D:5      | Found a runed translucent gate.
  5184 | D:5      | Noticed an ice beast
  5211 | D:5      | Reached skill level 1 in Armour
  5274 | D:5      | Reached XP level 7. HP: 51/51 MP: 8/11
  5505 | D:6      | Found a shadowy altar of Dithmenos.
  5604 | D:6      | Found a glowing drain.
  5630 | Sewer    | Entered a sewer
  6029 | D:6      | Found a runed translucent door.
  6032 | D:6      | Noticed mathmaestro's ghost (novice DsNe)
  6081 | D:6      | Reached XP level 8. HP: 40/58 MP: 12/12
  6118 | D:6      | Found a runed translucent door.
  6248 | D:6      | Identified the +11 short sword "Peurphuirr" {vorpal, rC+}
  6427 | D:6      | Reached skill level 1 in Short Blades
  6495 | D:6      | Found a broken altar of Ashenzari.
  6706 | D:7      | Noticed a kobold demonologist
  6714 | D:7      | Killed a kobold demonologist
  6715 | D:7      | Reached skill level 2 in Short Blades
  6726 | D:7      | Reached skill level 5 in Earth Magic
  6733 | D:7      | Noticed a five-headed hydra
  6966 | D:7      | Reached skill level 5 in Fighting
  6966 | D:7      | Gained mutation: You regenerate a little health from kills.
                  | [demonic ancestry]
  6966 | D:7      | Reached XP level 9. HP: 48/68 MP: 13/13
  7149 | D:7      | Found a staircase to the Ecumenical Temple.
  7171 | D:7      | Reached skill level 3 in Short Blades
  7352 | Temple   | Entered the Ecumenical Temple
  7360 | Temple   | Became a worshipper of Cheibriados the Contemplative
  7435 | D:7      | Reached skill level 4 in Short Blades
  7586 | D:8      | Found a shimmering blue altar of Sif Muna.
  7688 | D:8      | Reached * piety under Cheibriados
  7751 | D:8      | Found a sacrificial altar of Ru.
  8393 | D:8      | Reached skill level 5 in Short Blades
  8463 | D:8      | Noticed a troll
  8471 | D:8      | Killed a troll
  8472 | D:8      | Reached XP level 10. HP: 62/76 MP: 14/14
  8754 | D:9      | Reached skill level 5 in Stealth
  8761 | D:9      | Reached skill level 6 in Short Blades
  8791 | D:8      | Reached ** piety under Cheibriados
  9044 | D:9      | Found a staircase to the Orcish Mines.
  9083 | D:9      | Reached *** piety under Cheibriados
  9321 | D:9      | Reached skill level 7 in Short Blades
  9724 | D:10     | Entered Level 10 of the Dungeon
 10004 | D:10     | Noticed Nergalle
 10008 | D:10     | Noticed a spectral orc warlord
 10174 | D:10     | Killed Nergalle
 10175 | D:10     | Reached skill level 8 in Short Blades
 10175 | D:10     | Gained mutation: When hurt, damage is shared between your
                  | health and your magic reserves. [demonic ancestry]
 10175 | D:10     | Reached XP level 11. HP: 69/77 MP: 15/15
 10188 | D:10     | Reached **** piety under Cheibriados
 10283 | D:10     | Slain by a cyclops

Illustrated notes

Levels and vault maps discovered:
D:1:      minmay_arrival_four_houses, layout_basic,
          minmay_misc_feat_more_columns
D:2:      layout_loops_cross, shapermc_ecumenical_altar_starsandcircs
D:3:      layout_basic, gammafunk_temple_overflow_pools, zin_academy,
          kennysheep_cross_room
D:4:      layout_loops_cross, mainiacjoe_overflow_catwalk,
          gammafunk_ghost_cemetery
D:5:      layout_loops_corners, gammafunk_ghost_nasty_kobolds
D:6:      layout_loops_corners, mainiacjoe_overflow_24_doors,
          mainiacjoe_overflow_brackets, portal_sewer_entry_b,
          ebering_ghost_sewer_f, chequers_mini_garden, kennysheep_generic_room_7
D:7:      layout_basic, minmay_temple_entry_grid, kb_rosetta
D:8:      layout_rooms, kennysheep_mini_moat, jmf_multi_god_temple
D:9:      layout_long_grid, erik_orc_1
D:10:     layout_roguey, uniq_nergalle
Temple:   cyrus_circular_temple

Skill      XL: |  1  2  3  4  5  6  7  8  9 10 |
---------------+-------------------------------+-----
Transmutations | 1 2 3 4 |  4.0
Stealth        | 2 4 7 |  7.0
Dodging        | 2 3 |  3.8
Earth Magic    | 3 4 5 6 |  6.3
Fighting       | 1 2 3 5 6 |  6.2
Long Blades    | 1 2 3 4 |  4.0
Evocations     | 1 2 3 4 |  4.3
Spellcasting   | 3 |  3.0
Armour         | 1 2 3 |  3.0
Short Blades   | 2 5 8 |  8.1

Action                   |  1- 3 |  4- 6 |  7- 9 | 10-12 || total
-------------------------+-------+-------+-------+-------++-------
Melee: Unarmed           |     2 |       |       |       ||     2
       Falchion          |    22 |   119 |   106 |       ||   247
       Punch             |       |     1 |     6 |     3 ||    10
       Short sword       |       |       |   184 |   194 ||   378
 Cast: Sandblast         |    40 |    61 |    22 |    12 ||   135
Evoke: Wand              |       |       |     4 |     3 ||     7
  Use: Potion            |     3 |       |     2 |     4 ||     9
       Scroll            |     1 |     7 |    14 |     3 ||    25
 Stab: Sleeping          |     2 |     9 |     4 |     4 ||    19
Armor: Robe              |    14 |    18 |       |       ||    32
       Leather armour    |       |    41 |    99 |    27 ||   167
Dodge: Dodged            |    55 |   117 |   220 |   155 ||   547

Table legend: (Time is in decaauts)
 A = Elapsed time spent in this place.
 B = Non-inter-level travel time spent in this place.
 C = Inter-level travel time spent in this place.
 D = Time resting spent in this place.
 E = Time spent auto-exploring this place.
 F = Levels seen in this place.
 G = Mean time per level.
                   A        B        C        D        E       F      G
               +--------+--------+--------+--------+--------+-----+--------+
         Total |  11498 |  11093 |    405 |     16 |   8920 |  12 |  958.2 |
       Dungeon |  11137 |  10747 |    390 |     16 |   8766 |  10 | 1113.7 |
        Temple |     17 |      2 |     15 |      0 |      0 |   1 |   17.0 |
         Sewer |    343 |    343 |      0 |      0 |    154 |   1 |  343.0 |
               +--------+--------+--------+--------+--------+-----+--------+

Top non-repeatable levels by time:
     D:1: 1667 daAuts
     D:7: 1662 daAuts
     D:9: 1283 daAuts
     D:3: 1183 daAuts
     D:5: 1124 daAuts
     D:6: 1030 daAuts
     D:8: 856 daAuts
     D:2: 851 daAuts
    D:10: 779 daAuts
     D:4: 697 daAuts
   Sewer: 343 daAuts
  Temple: 17 daAuts
